 Seeded DCSS version 0.31.0-12-g77e489cdc1 (webtiles) character file.

Game seed: 11795299549542814351 (custom seed)

6057 holycorn the Severer (level 10, -13/136 HPs)
             Began as a Minotaur Berserker on Feb 17, 2024.
             Was an Elder of Trog.
             Mangled by a large slime creature (27 damage)
             ... on level 9 of the Dungeon.
             The game lasted 00:22:19 (7201 turns).

holycorn the Severer (Minotaur Berserker)           Turns: 7201, Time: 00:22:21

Health: -13/136    AC: 19    Str: 25    XL:     10   Next: 57%
Magic:  9/9        EV:  9    Int:  4    God:    Trog [****..]
Gold:   878        SH:  0    Dex: 20    Spells: 9/9 levels left

rFire   . . .        s - +11 battleaxe of Okawaru's Hope {freeze, *Rage rN++ Dex+9}
rCold   . . .        (shield currently unavailable)
rNeg    + + .        u - +0 plate armour
rPois   +            (helmet restricted)
rElec   .            h - +0 cloak
rCorr   .            x - +2 pair of gloves
SInv    .            t - +0 pair of boots
Will    +++..        (no amulet) Stlth
                     y - ring of poison resistance
HPRegen 1.42/turn    B - ring of willpower
MPRegen 0.11/turn

%: random rage (20%)
@: berserking, strong-willed, regenerating, very quick
A: horns 2, retaliatory headbutt
a: Renounce Religion, Berserk, Trog's Hand, Brothers in Arms


You were on level 9 of the Dungeon.
You worshipped Trog.
Trog was greatly pleased with you.
You visited 1 branch of the dungeon, and saw 9 of its levels.
You also visited: Ossuary.

You collected 878 gold pieces.

Inventory:

Hand Weapons
 a - a +1 hand axe of venom
 s - the +11 battleaxe of Okawaru's Hope (weapon) {freeze, *Rage rN++ Dex+9}
   (You found it on level 2 of the Dungeon)

   Dex+9:     It affects your dexterity (+9).
   rN++:      It greatly protects you from negative energy.
   *Rage:     It berserks you when you make melee attacks (+20% chance).
Armour
 h - a +0 cloak (worn)
 t - a +0 pair of boots (worn)
 u - a +0 plate armour (worn)
 x - a +2 pair of gloves (worn)
Jewellery
 y - a ring of poison resistance (left hand)
 B - a ring of willpower (right hand)
 F - a ring of positive energy
Wands
 i - a wand of digging (9)
 w - a wand of flame (39)
Scrolls
 b - 2 scrolls of identify
 c - 2 scrolls of enchant weapon
 d - 2 scrolls of blinking {unknown}
 n - a scroll of summoning {unknown}
 o - 5 scrolls of teleportation
 p - a scroll of enchant armour {unknown}
 q - 3 scrolls of vulnerability
 C - a scroll of amnesia {unknown}
 D - 3 scrolls of fear {unknown}
 E - 3 scrolls of fog {unknown}
 G - a scroll of immolation {unknown}
Potions
 e - 5 potions of lignification
 f - 2 potions of degeneration
 g - 2 potions of brilliance
 j - 3 potions of enlightenment
 k - 4 potions of heal wounds
 l - 2 potions of magic
 m - 8 potions of curing
 r - 2 potions of might
 v - 2 potions of resistance {unknown}
 z - 3 potions of attraction
 A - a potion of berserk rage {unknown}
 H - 2 potions of mutation


   Skills:
 + Level 9.1 Fighting
 + Level 15.0 Axes
 + Level 8.4 Armour
 + Level 4.0 Dodging


You had 9 spell levels left.
You didn't know any spells.
Your spell library was empty.

Dungeon Overview and Level Annotations

Branches:
Dungeon (9/15)             Temple (0/1) D:4            Lair (0/5) D:9
Ossuary (visited)
    Orc: D:9-12

Altars:
Xom
Jiyva

Shops:
D:5 *   D:6 :

Annotations:
D:9 1 transporter


Innate Abilities, Weirdness & Mutations

You have a pair of horns on your head.
You reflexively headbutt those who attack you in melee.


Message History

The large slime creature is severely wounded.
You slash the enormous slime creature! You freeze the enormous slime creature.
You completely miss the great orb of eyes.
The large slime creature hits you but does no damage.
The great orb of eyes gazes at you. You resist with almost no effort.
You slash the large slime creature! You freeze the large slime creature.
You headbutt the large slime creature!
The large slime creature is almost dead.
You hit the great orb of eyes. You freeze the great orb of eyes.
You slash the enormous slime creature! You freeze the enormous slime creature.
The enormous slime creature hits you!!!!
Ouch! That really hurt!
The large slime creature barely misses you.
You slice the great orb of eyes!! You freeze the great orb of eyes!
The great orb of eyes is severely wounded.
You slash the large slime creature! You freeze the large slime creature.
You kill the large slime creature!
Trog accepts your kill.
You slash the enormous slime creature! You freeze the enormous slime creature!
The great orb of eyes bites you!
* * * LOW HITPOINT WARNING * * *
An enormous slime creature splits.
Your Armour skill increases to level 8!
You open the great orb of eyes like a pillowcase!!!
You freeze the great orb of eyes.
You kill the great orb of eyes!
Trog accepts your kill.
You slash the large slime creature! You freeze the large slime creature.
You slice the large slime creature!! You freeze the large slime creature!
Your Fighting skill increases to level 9!
Your Axes skill increases to level 15!
You barely miss the large slime creature.
You headbutt the large slime creature!
The large slime creature is severely wounded.
You barely miss the large slime creature.
The large slime creature hits you!!
* * * LOW HITPOINT WARNING * * *
The large slime creature hits you!!
You die...

#....#######......#......#.#
#....# ###.##.##.......#
♣.≈#....# #..©.........####
♣.≈#....# ##############
♣.≈#....# }###J## ♣.≈#....#
..#.#..# ♣♣.≈####.#
=......?© ..≈ #.#
###.....### ♣♣♣♣≈####.#
#@JJ_...#
.....'.##'#######J....###
≈≈≈≈≈#.......##.........#
######.......# #..#.#.)#
.............# #.###.##
.............# #######
.............# #..©..#
..)..........# ###.###
.....#'####### #..#


You could see 2 large slime creatures and a slime creature.

Vanquished Creatures
  A great orb of eyes (D:9)
  A slime creature (D:9)
  Jeremiah (D:7)
  Grinder (D:3)
  4 wyverns
  A wraith (D:9)
  Grum (D:8)
  2 steam dragons
  Menkaure (D:7)
  2 water moccasins
  4 sky beasts
  3 ice beasts
  A black bear (D:6)
  2 ogres
  2 wolves (D:8)
  3 centaurs
  A phantom (D:6)
  2 elf zombies (Ossuary)
  A weeping skull (Ossuary)
  2 scorpions
  2 burial acolytes (Ossuary)
  9 killer bees
  A howler monkey (D:8)
  2 centaur zombies (Ossuary)
  3 jellies
  2 human zombies (Ossuary)
  A hound (D:6)
  3 orc priests
  A sleepcap (D:6)
  Terence (D:3)
  Ijyb (D:3)
  3 iguanas
  7 orc wizards
  4 hound zombies (Ossuary)
  2 mummies (Ossuary)
  7 gnolls (D:4)
  6 adders
  A shadow imp (D:7)
  A white imp (D:7)
  3 dart slugs
  2 ribbon worms (D:2)
  20 orcs
  4 ball pythons
  5 endoplasms
  5 giant cockroaches
  5 goblins
  3 hobgoblins
  2 jackals (D:1)
  6 kobolds
  3 quokkas
  8 bats
  3 frilled lizards
  5 gnoll zombies (Ossuary)
  4 orc zombies (Ossuary)
  6 rats
177 creatures vanquished.

Notes
Turn   | Place    | Note
-------+----------+-------------------------------------------
     0 | D:1      | holycorn the Minotaur Berserker began the quest for the
                  | Orb.
     0 | D:1      | Reached XP level 1. HP: 19/19 MP: 0/0
   198 | D:1      | Reached skill level 4 in Axes
   198 | D:1      | Reached XP level 2. HP: 22/27 MP: 1/1
   619 | D:2      | Found a shimmering altar of Xom.
   743 | D:2      | Reached XP level 3. HP: 24/33 MP: 2/2
   837 | D:2      | Reached ** piety under Trog
  1249 | D:2      | Identified the +11 battleaxe of Okawaru's Hope {freeze,
                  | *Rage rN++ Dex+9}
  1349 | D:3      | Noticed Grinder
  1350 | D:3      | Noticed Terence
  1355 | D:3      | Killed Terence
  1355 | D:3      | Paralysed by Grinder for 5 turns
  1356 | D:3      | Reached XP level 4. HP: 41/41 MP: 3/3
  1362 | D:3      | Killed Grinder
  1363 | D:3      | Reached skill level 5 in Fighting
  1363 | D:3      | Reached skill level 6 in Axes
  1363 | D:3      | Reached XP level 5. HP: 47/48 MP: 4/4
  1428 | D:3      | Reached XP level 6. HP: 55/56 MP: 5/5
  1878 | D:3      | Found a faded altar of an unknown god.
  2012 | D:3      | Noticed Ijyb
  2022 | D:3      | Killed Ijyb
  2817 | D:4      | Noticed a sky beast
  2826 | D:4      | Killed a sky beast
  2827 | D:4      | Reached skill level 7 in Axes
  3039 | D:4      | Reached XP level 7. HP: 61/61 MP: 6/6
  3044 | D:4      | Reached *** piety under Trog
  3165 | D:4      | Found a staircase to the Ecumenical Temple.
  3317 | D:5      | Entered Level 5 of the Dungeon
  3451 | D:5      | Reached skill level 5 in Armour
  3540 | D:5      | Reached skill level 8 in Axes
  3548 | D:5      | Found a sand-covered staircase.
  3553 | Ossuary  | Entered an ossuary
  3606 | Ossuary  | Reached XP level 8. HP: 70/70 MP: 7/7
  3641 | Ossuary  | Reached skill level 9 in Axes
  4003 | D:5      | Reached skill level 10 in Axes
  4216 | D:5      | Found Ruepp's General Store.
  4271 | D:5      | Identified a scroll of acquirement
  4271 | D:5      | Acquired 481 gold pieces
  4283 | D:6      | Found Tixomeyre's Self-Improvement Boutique.
  4323 | D:6      | Reached **** piety under Trog
  4365 | D:6      | Reached skill level 11 in Axes
  4473 | D:6      | Reached XP level 9. HP: 79/79 MP: 8/8
  4689 | D:6      | Found a shimmering altar of Xom.
  4981 | D:7      | Reached skill level 12 in Axes
  5012 | D:7      | Noticed Menkaure
  5014 | D:7      | Killed Menkaure
  5298 | D:7      | Noticed Jeremiah
  5323 | D:7      | Killed Jeremiah
  5324 | D:7      | Reached skill level 13 in Axes
  5832 | D:8      | Reached XP level 10. HP: 89/89 MP: 9/9
  5884 | D:8      | Identified the +9 shortbow "Kiclene" {flame, rC+++}
  6089 | D:8      | Noticed Grum
  6094 | D:8      | Killed Grum
  6095 | D:8      | Reached skill level 14 in Axes
  6571 | D:9      | Found a staircase to the Lair.
  6767 | D:9      | Noticed a great orb of eyes
  6849 | D:9      | Found a transporter.
  6849 | D:9      | Found a viscous altar of Jiyva.
  7048 | D:9      | Found a transporter.
  7200 | D:9      | Killed a great orb of eyes
  7201 | D:9      | Reached skill level 15 in Axes
  7201 | D:9      | Mangled by a large slime creature

Illustrated notes

Levels and vault maps discovered:
D:1:      sevenhm_arrival_forest_fort_small_4, layout_rooms, nrook_uturn,
          nrook_loot_triangle
D:2:      layout_basic, basic_altar, minmay_misc_feat_four_crosses,
          chequers_serial_rivers_large_b, serial_bayou_pond_e, st_stairs_3
D:3:      layout_basic, dreamdust_ecumenical_altar_grove, uniq_terence,
          uniq_ijyb, uniq_grinder
D:4:      layout_basic, minmay_temple_entry_enclosed_plants,
          chequers_hall_statues_y
D:5:      layout_loops_ring, enter_ossuary_5, serial_shops,
          nicolae_lakefront_shop, minmay_strange_pillars
D:6:      layout_rooms, kennysheep_mini, minmay_fountain_box,
          grunt_ministairs_8, nicolae_shop_self_help
D:7:      layout_basic, nicolae_concentric_dashed_squares_mild, uniq_menkaure,
          uniq_jeremiah
D:8:      layout_basic, kennysheep_generic_room_3, uniq_grum
D:9:      gammafunk_jiyva_shrine, layout_basic, dpeg_oklobed_lair,
          kennysheep_small_spiral

Skill      XL: |  1  2  3  4  5  6  7  8  9 10 |
---------------+-------------------------------+-----
Fighting       | 4 5 6 7 8 9 |  9.1
Axes           | 4 6 7 8 11 13 15 | 15.0
Armour         | 3 4 5 6 7 8 |  8.4
Dodging        | 3 4 |  4.0

Action                     |  1- 3 |  4- 6 |  7- 9 | 10-12 || total
---------------------------+-------+-------+-------+-------++-------
  Melee: Hand axe          |    89 |       |       |       ||    89
         Headbutt          |    15 |     5 |    21 |     9 ||    50
         Punch             |     1 |       |       |       ||     1
         Battleaxe         |     2 |    48 |   151 |    33 ||   234
 Invoke: Trog's Hand       |       |       |       |     1 ||     1
    Use: Scroll            |       |       |    11 |     4 ||    15
         Potion            |       |       |     1 |       ||     1
 Armour: Animal skin       |    17 |       |       |       ||    17
         Chain mail        |    42 |    38 |   100 |       ||   180
         Plate armour      |       |       |     1 |    27 ||    28
  Dodge: Dodged            |    38 |    25 |    64 |    11 ||   138
